 Dungeon Crawl Stone Soup version 0.29-a0-998-g1987434951 (webtiles) character file.

Game seed: 2822423386790198287

2086 kae the Firebug (level 9, -12/51 HPs)
             Began as a Deep Elf Fire Elementalist on Aug 5, 2022.
             Mangled by a wyvern (17 damage)
             ... on level 7 of the Dungeon.
             The game lasted 00:05:30 (7359 turns).

kae the Firebug (Deep Elf Fire Elementalist)        Turns: 7359, Time: 00:05:30

Health: -12/51     AC:  6    Str:  5    XL:     9   Next: 6%
Magic:  8/20       EV: 12    Int: 25    God:
Gold:   347        SH:  0    Dex: 15    Spells: 8/21 levels left

rFire   . . .      SeeInvis .   q - +2 whip (freeze)
rCold   . . .      Faith    .   (no shield)
rNeg    + + .      Spirit   .   s - +1 robe {rN+}
rPois   .          Reflect  .   o - +0 helmet
rElec   .          Harm     .   (no cloak)
rCorr   .          Rampage  .   (no gloves)
Will    .....                   r - +1 pair of boots
Stlth   ++........              z - amulet of magic regeneration
HPRegen 0.17/turn               N - ring of positive energy
MPRegen 0.57/turn               (no ring)

@: lethally poisoned (-12 -> -14)
A: no striking features
a: no special abilities


You were on level 7 of the Dungeon.
You visited 2 branches of the dungeon, and saw 8 of its levels.

You collected 347 gold pieces.


   Skills:
 + Level 3.6 Fighting
 - Level 2.4 Dodging
 - Level 2.4 Stealth
 + Level 6.6 Spellcasting
 * Level 7.0 Conjurations
 + Level 4.9 Hexes
 * Level 7.9 Fire Magic


You had 8 spell levels left.
You knew the following spells:

 Your Spells              Type           Power      Damage    Failure   Level
a - Foxfire               Conj/Fire      100%       2x1d9     1%          1
b - Scorch                Fire           94%        2d10      1%          2
c - Conjure Flame         Conj/Fire      45%        6-21      1%          3
d - Inner Flame           Hex/Fire       40%        N/A       1%          3
e - Flame Wave            Conj/Fire      45%        2d12      3%          4

Your spell library contained the following spells:

 Spells                   Type           Power      Damage    Failure   Level
 Ozocubu's Armour         Ice            8%         N/A       22%         3
 Ozocubu's Refrigeration  Ice            4%         4d8       100%        7

Inventory:

Hand Weapons
 q - a +2 whip of freezing (weapon)
   (You took it off Pikel on level 5 of the Dungeon)
Missiles
 f - 99 stones
 i - 6 poisoned darts
 w - 5 boomerangs
Armour
 o - a +0 helmet (worn)
   (You found it on level 4 of the Dungeon)
 r - a +1 pair of boots (worn)
   (You found it on level 3 of the Dungeon)
 s - a +1 robe of positive energy (worn)
   (You found it on level 5 of the Dungeon)
Jewellery
 z - an amulet of magic regeneration (around neck)
   (You found it on level 6 of the Dungeon)
 N - a ring of positive energy (left hand)
   (You found it on level 2 of the Dungeon)
Wands
 y - a wand of roots (7)
   (You found it on level 6 of the Dungeon)
Scrolls
 a - a scroll of enchant weapon
 c - 2 scrolls of poison {!r}
 e - 3 scrolls of teleportation {@r4}
 h - a scroll of enchant armour
 k - a scroll of noise {!r}
 t - 2 scrolls of fog
Potions
 b - a potion of magic
 d - 2 potions of degeneration {!q}
 g - 2 potions of curing {@q1}
 j - a potion of flight
 m - a potion of mutation {!q}
 n - a potion of resistance
 p - a potion of haste {unknown}
 v - 2 potions of heal wounds {@q2}
 x - a potion of attraction {!q}

Dungeon Overview and Level Annotations

Branches:
Dungeon (7/15) Zot: 26857  Temple (1/1) D:6 Zot: 5948

Altars:
Ashenzari
Cheibriados
Elyvilon
Fedhas
Hepliaklqana
Kikubaaqudgha
Makhleb
Nemelex Xobeh
Okawaru
Sif Muna
Trog
Uskayaw
Wu Jian
Xom
Yredelemnul
Zin
Lugonu

Shops:
D:1 ? D:5

: ##...#
#..#*,,,,,,,**,,,**** ##...โ€
# #..#**,,,,,,*,,,,,,,*
##..##.## ##..#
***,,,.,,,***,,,
#...##..####...### *,,..,,**
****
...###.>.........##**...,** *
..####.......##...##....**
........##...###......#,,* *
.....######### #โ€ )).###,,**
** ...### *,,^,,**#@ยง)##
**,,* **, ....#*
*,,,,^*#.l.## **,*****,,
.....#**,,_,^#...## *,,,,,,,,
.......*,,,,,#....**
**,,*,,,,,
.......#,^,,,#...),*
*,,****,,,
.......#**,**#..#..*****,,*
**,,
#.....##*,,**#..*#g,,**,,**
**,
.......,**,,*#..,*#.,,,,,,**
*,
..#...,,*,*,***,,**,,,,,,,,**
**,


You could see a wyvern (combustible) and a goblin.


Message History

You easily resist.
The orc priest looks satisfied for a moment.
Casting: Flame Wave (dangerous; 4% risk of failure)
Confirm with . or Enter, or press ? or * to list all spells.
You conjure some foxfire!
A water moccasin comes into view.
The orc wizard hits you but does no damage.
The foxfire hits the orc priest!
The foxfire hits the orc priest.
You kill the orc priest!
The orc wizard hits you with a +0 dagger. ๐Ÿ˜• HP[-2]
You take 2 damage, and now have 44/46 hp.
Casting: Foxfire (safe; 1% risk of failure)
Confirm with . or Enter, or press ? or * to list all spells.
You conjure some foxfire!
The orc wizard hits you with a +0 dagger.
The foxfire hits the orc!
You kill the orc!
The foxfire hits the orc.
The orc wizard hits you but does no damage.
The orc misses you. ๐Ÿ˜• HP[-3]
You take 3 damage, and now have 41/46 hp.
Casting: Foxfire (safe; 1% risk of failure)
Confirm with . or Enter, or press ? or * to list all spells.
Casting: Flame Wave (dangerous; 4% risk of failure)
Press: ? - help, Dir - look around, f - activate A wave of flame ripples out!
The flame wave engulfs the water moccasin!
The flame wave engulfs the orc wizard!
You kill the orc wizard! (Press . to intensify the flame waves.)
The water moccasin bites you.
You are poisoned.
The water moccasin poisons you! The orc barely misses you.
You have reached level 9!
Your experience leads to an increase in your attributes!
Increase (S)trength, (I)ntelligence, or (D)exterity?
Uppercase letters only, please.
You feel clever. x2 ๐Ÿ˜• HP[-1] MP[-3]
You now have 51 max hp (+5).
You lost 3 mp, and now have 11/20 mp.
A wave of flame ripples out!
The flame wave engulfs the water moccasin.
The flame wave engulfs the orc.
You kill the orc!
You feel very sick.
You hear a shout!
The water moccasin bites you but does no damage.
The water moccasin bites you.
You are more poisoned.
The water moccasin poisons you! ๐Ÿ˜ฎ HP[-6] MP[-1]
You take 6 damage, and now have 34/51 hp.
You lost 1 mp, and now have 10/20 mp.
A wave of flame ripples out!
The flame wave engulfs the water moccasin!
You finish channelling waves of flame.
You feel very sick.
The water moccasin closely misses you. ๐Ÿ˜ฎ HP[-4]
You take 4 damage, and now have 30/51 hp.
Casting: Flame Wave (dangerous; 3% risk of failure)
Confirm with . or Enter, or press ? or * to list all spells.
Flames lash the water moccasin.
You kill the water moccasin!
You feel very sick.
Your Conjurations skill increases to level 7!
You feel very sick.
A goblin comes into view.
It is wielding a +0 hand axe. ๐Ÿ˜จ HP[-7] MP[-1]
You take 7 damage, and now have 23/51 hp.
You lost 1 mp, and now have 9/20 mp.
Casting: Scorch (safe; 1% risk of failure)
Confirm with . or Enter, or press ? or * to list all spells.
You conjure some foxfire!
You feel very sick.
A wyvern comes into view.
You feel sick.
The foxfire hits the goblin!
You kill the goblin!
The foxfire hits the wyvern. ๐Ÿ˜จ HP[-4]
You take 4 damage, and now have 19/51 hp.
Casting: Foxfire (safe; 1% risk of failure)
Confirm with . or Enter, or press ? or * to list all spells.
You conjure some foxfire!
You feel sick.
You feel sick.
The foxfire hits the wyvern but does no damage.
The foxfire hits the wyvern.
A goblin comes into view.
It is wielding a +0 hand axe. ๐Ÿ˜จ HP[-3]
You take 3 damage, and now have 16/51 hp.
Casting: Foxfire (safe; 1% risk of failure)
Confirm with . or Enter, or press ? or * to list all spells.
Flames lash the wyvern.
The wyvern's fire resistance burns away.
You feel sick. The wyvern bites you!
* * * LOW HITPOINT WARNING * * *
The wyvern bites you!
You die...

Skill      XL: |  1  2  3  4  5  6  7  8  9 |
---------------+----------------------------+-----
Conjurations   | 2 3 4 5 6 7 |  7.0
Fire Magic     | 4 5 6 7 |  7.9
Fighting       | 1 2 3 |  3.6
Spellcasting   | 4 5 6 |  6.6
Hexes          | 1 2 3 4 |  4.9
Dodging        | |  2.4
Stealth        | |  2.4

Action                   |  1- 3 |  4- 6 |  7- 9 || total
-------------------------+-------+-------+-------++-------
Melee: Unarmed           |       |     1 |     1 ||     2
 Cast: Foxfire           |    48 |    79 |    90 ||   217
       Scorch            |     1 |    16 |    20 ||    37
       Conjure Flame     |       |       |     7 ||     7
       Inner Flame       |       |       |     3 ||     3
       Flame Wave        |       |       |     2 ||     2
  Use: Scroll            |       |     8 |    12 ||    20
Armor: Robe              |       |     3 |    11 ||    14
Dodge: Dodged            |     6 |    13 |    20 ||    39

Levels and vault maps discovered:
D:1:      denvon_arrival_waterhouse, layout_loops_ring, serial_shops,
          nicolae_shop_window_shopping,
          dreamdust_ecumenical_altar_hidden_monk_grotto, kennysheep_boxes
D:2:      layout_basic, kennysheep_generic_room_7, uniq_natasha
D:3:      layout_loops_ring, xom_confusion_cloud
D:4:      layout_loops_ring, old_standard_altar,
          nicolae_sif_muna_little_library, elyvilon_altar_5,
          fedhas_ov_isle_minmay, kennysheep_donut
D:5:      layout_loops_corners, amcnicky_altar_gilded,
          overflow_temple_1_default, mainiacjoe_overflow_surrounded_room,
          mainiacjoe_overflow_cross_hatched, serial_shops, kennysheep_mini_moat,
          amethyst_killhole, uniq_pikel
D:6:      layout_basic, kennysheep_slug_shrine, temple_fountains,
          grunt_decor_junction
D:7:      layout_layer_cave, nicolae_ru_the_path_less_chosen, enter_bailey_3,
          uniq_crazy_yiuf_cottage
Temple:   corrupted_temple

Notes
Turn   | Place    | Note
-------+----------+-------------------------------------------
     0 | D:1      | kae the Deep Elf Fire Elementalist began the quest for the
                  | Orb.
     0 | D:1      | Reached XP level 1. HP: 10/10 MP: 6/6
     0 | D:1      | magus.rc [v1.11.3]
   162 | D:1      | Found Qybep's Magic Scroll Shoppe.
   341 | D:1      | Reached XP level 2. HP: 10/15 MP: 1/8
   736 | D:1      | Learned a level 2 spell: Scorch
   888 | D:1      | Found a faded altar of an unknown god.
  1047 | D:2      | Reached skill level 2 in Conjurations
  1087 | D:2      | Noticed Natasha
  1090 | D:2      | HP: 3/16 [Natasha/magic dart (6)]
  1091 | D:2      | Killed Natasha
  1092 | D:2      | Reached skill level 4 in Fire Magic
  1092 | D:2      | Reached XP level 3. HP: 4/20 MP: 6/10
  1410 | D:2      | Learned a level 3 spell: Conjure Flame
  1437 | D:2      | Reached skill level 1 in Fighting
  1440 | D:2      | Reached XP level 4. HP: 22/25 MP: 7/11
  1515 | D:2      | Noticed Natasha
  1523 | D:2      | Killed Natasha
  1819 | D:2      | Noticed Natasha
  1829 | D:2      | Killed Natasha
  1830 | D:2      | Reached skill level 3 in Conjurations
  2536 | D:3      | Reached XP level 5. HP: 28/29 MP: 7/12
  2898 | D:3      | Found a shimmering altar of Xom.
  2908 | D:3      | Reached skill level 4 in Spellcasting
  3409 | D:4      | Learned a level 3 spell: Inner Flame
  3464 | D:4      | Reached skill level 5 in Fire Magic
  3466 | D:4      | Found a white marble altar of Elyvilon.
  3609 | D:4      | Reached skill level 1 in Hexes
  3609 | D:4      | Reached XP level 6. HP: 33/35 MP: 7/14
  3609 | D:4      | Found a broken altar of Ashenzari.
  3716 | D:4      | Found a shimmering blue altar of Sif Muna.
  3716 | D:4      | You fall into a shaft and drop 1 floor!
  3716 | D:5      | Entered Level 5 of the Dungeon
  3716 | D:5      | Found an ornate altar of the Wu Jian Council.
  3782 | D:5      | Reached skill level 4 in Conjurations
  4056 | D:5      | Reached skill level 2 in Fighting
  4094 | D:5      | Reached skill level 2 in Hexes
  4094 | D:5      | Reached XP level 7. HP: 33/40 MP: 8/16
  4158 | D:5      | Found a hide-covered altar of Uskayaw.
  4306 | D:5      | Noticed Pikel
  4331 | D:5      | Killed Pikel
  4332 | D:5      | Reached skill level 5 in Spellcasting
  4332 | D:5      | Reached skill level 5 in Conjurations
  4332 | D:5      | Reached skill level 3 in Hexes
  4332 | D:5      | Reached skill level 6 in Fire Magic
  4332 | D:5      | Reached XP level 8. HP: 30/45 MP: 5/18
  4474 | D:5      | You add the spells Ozocubu's Armour and Ozocubu's
                  | Refrigeration to your library.
  4690 | D:4      | Found a blossoming altar of Fedhas.
  5251 | D:5      | Found Hiut's Book Emporium.
  5326 | D:5      | Found an iron altar of Okawaru.
  5349 | D:5      | Found a sparkling altar of Nemelex Xobeh.
  6073 | D:6      | Found a staircase to the Ecumenical Temple.
  6082 | Temple   | Entered the Ecumenical Temple
  6268 | D:6      | Reached skill level 3 in Fighting
  6323 | D:6      | Learned a level 4 spell: Flame Wave
  6430 | D:6      | Reached skill level 6 in Conjurations
  6470 | D:6      | Reached skill level 4 in Hexes
  6470 | D:6      | Reached skill level 7 in Fire Magic
  6653 | D:6      | Found a snail-covered altar of Cheibriados.
  6755 | D:6      | Reached skill level 6 in Spellcasting
  7351 | D:7      | Reached XP level 9. HP: 40/51 MP: 11/20
  7354 | D:7      | Reached skill level 7 in Conjurations
  7359 | D:7      | HP: 5/51 [wyvern (10)]
  7359 | D:7      | Mangled by a wyvern

Vanquished Creatures
  Pikel (D:5)
  4 water moccasins
  A sky beast (D:7)
  2 orc warriors
  2 lemures (D:5)
  A gnoll sergeant (D:6)
  A necrophage (D:5)
  4 scorpions
  A hound (D:5)
  2 jellies
  An orc priest (D:7)
  4 iguanas
  An orc wizard (D:7)
  Natasha (thrice) (D:2)
  5 gnolls (D:6)
  13 adders
  7 dart slugs
  9 orcs
  A bat (D:3)
  3 endoplasms
  2 giant cockroaches
  9 goblins
  3 hobgoblins
  2 quokkas
  5 ball pythons
  5 frilled lizards
  4 kobolds
  15 rats
111 creatures vanquished.

Vanquished Creatures (collateral kills)
  8 foxfires (D:1)
8 creatures vanquished.

Vanquished Creatures (others)
  366 foxfires
366 creatures vanquished.

Grand Total: 485 creatures vanquished

Table legend:
 A = Non-vault XP
 B = Vault XP
 C = Vault XP percentage of total XP
 D = Non-vault monster count
 E = Vault monster count
 F = Vault count percentage of total count
                 A         B        C        D         E       F
            +---------+---------+-------+---------+---------+-------
      Total |    2248 |     732 |  24.6 |      95 |      14 |  12.8
            +---------+---------+-------+---------+---------+-------
        D:1 |      33 |       0 |   0.0 |      21 |       0 |   0.0
        D:2 |     114 |      47 |  29.2 |      14 |       3 |  17.6
        D:3 |      73 |      38 |  34.2 |      11 |       8 |  42.1
        D:4 |     190 |       0 |   0.0 |      17 |       0 |   0.0
        D:5 |     444 |     641 |  59.1 |       8 |       1 |  11.1
        D:6 |     550 |       4 |   0.7 |      14 |       1 |   6.7
        D:7 |     844 |       2 |   0.2 |      10 |       1 |   9.1
            +---------+---------+-------+---------+---------+-------

Illustrated notes

Table legend:
 A = Kills in this place as a percentage of kills in entire the game.
 B = Kills by you in this place as a percentage of kills by you in the entire game.
 C = Kills by friends in this place as a percentage of kills by friends in the entire game.
 D = Other kills in this place as a percentage of other kills in the entire game.
 E = Experience gained in this place as a percentage of experience gained in the entire game.
 F = Experience gained in this place divided by the number of levels of this place that you have seen.
                   A       B       C       D       E      F
               +-------+-------+-------+-------+-------+----------------------
         Total | 100.0 | 100.0 |   N/A |   N/A | 100.0 | 372.5
       Dungeon | 100.0 | 100.0 |   N/A |   N/A | 100.0 | 425.7
               +-------+-------+-------+-------+-------+----------------------

Table legend: (Time is in decaauts)
 A = Elapsed time spent in this place.
 B = Non-inter-level travel time spent in this place.
 C = Inter-level travel time spent in this place.
 D = Time resting spent in this place.
 E = Time spent auto-exploring this place.
 F = Levels seen in this place.
 G = Mean time per level.
                   A        B        C        D        E       F      G
               +--------+--------+--------+--------+--------+-----+--------+
         Total |   7366 |   7009 |    357 |     30 |   6126 |   8 |  920.8 |
       Dungeon |   7314 |   6969 |    345 |     30 |   6093 |   7 | 1044.9 |
        Temple |     52 |     41 |     11 |      0 |     33 |   1 |   52.0 |
               +--------+--------+--------+--------+--------+-----+--------+

Top non-repeatable levels by time:
     D:2: 1490 daAuts
     D:5: 1407 daAuts
     D:6: 1308 daAuts
     D:4: 1117 daAuts
     D:1: 1042 daAuts
     D:3: 806 daAuts
     D:7: 141 daAuts
  Temple: 52 daAuts
